 Dungeon Crawl Stone Soup version 0.28.0 (webtiles) character file.

Game seed: 15088854611125052421

2338 night the Destroyer (level 9, -1/65 HPs)
             Began as a Gnoll Conjurer on Feb 11, 2022.
             Slain by a gnoll sergeant (5 damage)
             ... on level 6 of the Dungeon.
             The game lasted 00:22:05 (7339 turns).

night the Destroyer (Gnoll Conjurer)                Turns: 7339, Time: 00:22:05

Health: -1/65      AC: 14    Str:  6    XL:     9   Next: 43%
Magic:  1/18       EV: 11    Int: 24    God:
Gold:   102        SH:  0    Dex: 11    Spells: 7/21 levels left

rFire   . . .      SeeInvis +   a - +1 short sword (elec)
rCold   . . .      Faith    .   (no shield)
rNeg    + . .      Spirit   .   C - +5 ring mail of the Evening Star {Int+2}
rPois   +          Reflect  .   c - +0 helmet of the Everdark {rPois rN+ SInv}
rElec   .          Harm     .   D - +0 cloak
rCorr   .          Rampage  .   (no gloves)
Will    +....                   j - +0 pair of boots
Stlth   ++........              (no amulet)
HPRegen 0.20/turn               s - ring of see invisible
MPRegen 0.16/turn               o - ring of willpower

@: no status effects
A: fangs 1, strong nose, distributed training
a: no special abilities


You were on level 6 of the Dungeon.
You visited 1 branch of the dungeon, and saw 6 of its levels.

You collected 426 gold pieces.
You spent 324 gold pieces at shops.

Inventory:

Hand Weapons
 a - a +1 short sword of electrocution (weapon)
 b - a +0 halberd of venom
 t - a +0 morningstar of flaming
 v - a +1 dagger of venom
 B - a +3 dire flail of holy wrath
Missiles
 g - 79 arrows
 i - 197 stones
 k - 3 boomerangs
 m - 5 bolts
 w - 28 sling bullets
 A - 6 javelins
Armour
 c - the +0 helmet of the Everdark (worn) {rPois rN+ SInv}
   (You acquired it on level 2 of the Dungeon)

   rPois:     It protects you from poison.
   rN:        It protects you from negative energy.
   SInv:      It lets you see invisible.
 j - a +0 pair of boots (worn)
 C - the +5 ring mail of the Evening Star (worn) {Int+2}
   (You bought it in a shop on level 6 of the Dungeon)

   Int:       It affects your intelligence (+2).
 D - a +0 cloak (worn)
Jewellery
 o - a ring of willpower (right hand)
 s - a ring of see invisible (left hand)
Wands
 l - a wand of paralysis (8)
Scrolls
 d - a scroll of vulnerability
 f - 2 scrolls of fog
 q - 3 scrolls of teleportation
 r - 3 scrolls of blinking
 u - a scroll of enchant weapon
 y - a scroll of identify
 z - a scroll of amnesia
Potions
 e - 2 potions of berserk rage {unknown}
 h - 2 potions of curing
 n - 2 potions of attraction
 p - 2 potions of magic {unknown}


   Skills:
 + Level 4.2 Fighting
 + Level 4.2 Short Blades
 + Level 4.2 Long Blades
 + Level 4.2 Axes
 + Level 4.2 Maces & Flails
 + Level 4.2 Polearms
 + Level 4.2 Staves
 + Level 4.2 Slings
 + Level 4.2 Bows
 + Level 4.2 Crossbows
 + Level 4.2 Throwing
 + Level 4.2 Armour
 + Level 6.3 Dodging
 + Level 6.0 Stealth
 + Level 4.2 Shields
 + Level 4.2 Unarmed Combat
 + Level 6.6 Spellcasting
 + Level 8.0 Conjurations
 + Level 3.5 Hexes
 + Level 3.5 Summonings
 + Level 3.5 Necromancy
 + Level 3.5 Translocations
 + Level 3.5 Transmutations
 + Level 3.5 Fire Magic
 + Level 3.5 Ice Magic
 + Level 3.5 Air Magic
 + Level 3.5 Earth Magic
 + Level 3.5 Poison Magic
 + Level 4.6 Invocations
 + Level 4.2 Evocations


You had 7 spell levels left.
You knew the following spells:

 Your Spells              Type           Power      Damage    Failure   Level
a - Magic Dart            Conj           100%       1d8       1%          1
b - Searing Ray           Conj           92%        2d7       1%          2
c - Frozen Ramparts       Ice            48%        1d6       19%         3
d - Iskenderun's Mystic   Conj/Tloc      35%        2d8       24%         4
e - Fulminant Prism       Conj/Hex       17%        3d11      24%         4

Your spell library contained the following spells:

 Spells                   Type           Power      Damage    Failure   Level
 Freeze                   Ice            96%        1d11      6%          1
 Slow                     Hex            96%        N/A       6%          1
 Dazzling Flash           Conj/Hex       70%        N/A       8%          3
 Sublimation of Blood     Necr           24%        N/A       10%         2
 Confusing Touch          Hex            24%        N/A       19%         3
 Vampiric Draining        Necr           24%        2d7       19%         3
 Hailstorm                Conj/Ice       35%        3d9       24%         4
 Petrify                  Tmut/Erth      24%        N/A       54%         4
 Irradiate                Conj/Tmut      17%        3d19      56%         5


Dungeon Overview and Level Annotations

Branches:
Dungeon (6/15)
 Temple: D:4-7

Altars:
Nemelex Xobeh
Qazlal
Xom

Shops:
D:1 :   D:6 *(

Annotations:
D:5 1 runed translucent door, poire's ghost, novice DrTm
D:6 Grinder


Innate Abilities, Weirdness & Mutations

You have very sharp teeth.
Your uncanny sense of smell can sniff out nearby items.
Your experience applies equally to all skills.


Message History

You see here a hound corpse.
The gnoll sergeant is no longer paralysed.
The gnoll sergeant hits you but does no damage.
The gnoll sergeant closely misses you.
You hit the gnoll sergeant but do no damage.
You punch the gnoll sergeant.
The gnoll sergeant is almost dead.
The gnoll sergeant hits you with a +3 spear of freezing.
The gnoll sergeant freezes you.
You completely miss the gnoll sergeant.
The gnoll sergeant is almost dead.
The gnoll sergeant hits you but does no damage.
You hit the gnoll sergeant. Your bite misses the gnoll sergeant.
The gnoll sergeant is almost dead.
The gnoll sergeant hits you with a +3 spear of freezing!
* * * LOW HITPOINT WARNING * * *
The gnoll sergeant freezes you.
* * * LOW HITPOINT WARNING * * *
You closely miss the gnoll sergeant. Your punch misses the gnoll sergeant.
The gnoll sergeant is almost dead.
The gnoll sergeant hits you with a +3 spear of freezing.
* * * LOW HITPOINT WARNING * * *
The gnoll sergeant freezes you.
* * * LOW HITPOINT WARNING * * *
You closely miss the gnoll sergeant.
You bite the gnoll sergeant, but do no damage.
The gnoll sergeant is almost dead.
The gnoll sergeant hits you with a +3 spear of freezing.
* * * LOW HITPOINT WARNING * * *
The gnoll sergeant freezes you.
* * * LOW HITPOINT WARNING * * *
Casting: Magic Dart (safe; 1% risk of failure)
Confirm with . or Enter, or press ? or * to list all spells.
Aiming: Magic Dart (safe; 1% risk of failure)
Press: ? - help, Shift-Dir - straight line, f/p - gnoll sergeant
Aim: a gnoll sergeant, wielding a +3 spear of freezing and wearing a +2 leather armour of poison resistance (almost dead, 100% to hit)
The magic dart hits the gnoll sergeant but does no damage.
The gnoll sergeant is almost dead.
The gnoll sergeant hits you with a +3 spear of freezing.
You die...

..
#.....#.....................
..............###...........
.............[.).........###
..##########.÷.........## .
######)..##.#...##
#....#)..#.......##
#....#)...#.......#
.#''#....#)...#.....###
......g@.†....#...###
.........((†......####
...........#..(...#..##
.#''#....#............##
#.∆#....#.............#
#∆∆#....#.#............
######......#.......
#######.......#.......
...................###


You could see a gnoll sergeant.

Vanquished Creatures
  Maggie (D:6)
  Edmund (D:6)
  An ice beast (D:4)
  4 ogres
  A sky beast (D:5)
  A black bear (D:5)
  A centaur (D:5)
  A phantom (D:3)
  Blork the orc (D:6)
  A gnoll sergeant (D:4)
  2 scorpions (D:5)
  A wyvern zombie (D:6)
  A water moccasin zombie (D:6)
  A howler monkey (D:6)
  3 hounds
  2 bullfrog skeletons (D:5)
  A jelly (D:6)
  A bullfrog zombie (D:5)
  2 centaur skeletons
  A gnoll shaman (D:6)
  An iguana (D:5)
  2 orc wizards
  2 hound skeletons
  18 gnolls
  9 adders
  A shadow imp (D:6)
  A white imp (D:5)
  An adder zombie (D:4)
  2 worms
  An adder skeleton (D:4)
  3 dart slugs
  9 orcs
  8 ball pythons
  9 endoplasms
  3 giant cockroaches
  6 goblins
  11 hobgoblins
  2 jackals (D:6)
  5 kobolds
  4 quokkas
  5 bats
  5 rats
136 creatures vanquished.

Vanquished Creatures (others)
  An orc wizard (D:4)
  A gnoll (D:4)
  A goblin (D:4)
  3 fulminant prisms (D:6)
  3 plants (D:4)
  2 withered plants (D:5)
11 creatures vanquished.

Grand Total: 147 creatures vanquished

Notes
Turn   | Place    | Note
-------+----------+-------------------------------------------
     0 | D:1      | night the Gnoll Conjurer began the quest for the Orb.
     0 | D:1      | Reached XP level 1. HP: 13/13 MP: 6/6
   151 | D:1      | Reached XP level 2. HP: 19/19 MP: 4/7
   154 | D:1      | Learned a level 2 spell: Searing Ray
   595 | D:1      | Found Plog's Book Shoppe.
   635 | D:1      | Reached XP level 3. HP: 25/25 MP: 2/9
   900 | D:2      | Reached skill level 5 in Spellcasting
  1219 | D:2      | Identified a scroll of acquirement
  1219 | D:2      | Acquired the +0 helmet of the Everdark {rPois rN+ SInv}
  1242 | D:2      | Reached skill level 1 in Invocations
  1361 | D:2      | Reached skill level 1 in Fighting
  1361 | D:2      | Reached skill level 1 in Short Blades
  1361 | D:2      | Reached skill level 1 in Long Blades
  1361 | D:2      | Reached skill level 1 in Axes
  1361 | D:2      | Reached skill level 1 in Maces & Flails
  1361 | D:2      | Reached skill level 1 in Polearms
  1361 | D:2      | Reached skill level 1 in Staves
  1361 | D:2      | Reached skill level 1 in Slings
  1361 | D:2      | Reached skill level 1 in Bows
  1361 | D:2      | Reached skill level 1 in Crossbows
  1361 | D:2      | Reached skill level 1 in Throwing
  1361 | D:2      | Reached skill level 1 in Armour
  1361 | D:2      | Reached skill level 1 in Shields
  1361 | D:2      | Reached skill level 1 in Unarmed Combat
  1361 | D:2      | Reached skill level 1 in Evocations
  1450 | D:2      | Reached XP level 4. HP: 32/32 MP: 8/11
  1599 | D:3      | Noticed a phantom
  1660 | D:3      | Killed a phantom
  1661 | D:3      | Reached skill level 1 in Hexes
  1661 | D:3      | Reached skill level 1 in Summonings
  1661 | D:3      | Reached skill level 1 in Necromancy
  1661 | D:3      | Reached skill level 1 in Translocations
  1661 | D:3      | Reached skill level 1 in Transmutations
  1661 | D:3      | Reached skill level 1 in Fire Magic
  1661 | D:3      | Reached skill level 1 in Ice Magic
  1661 | D:3      | Reached skill level 1 in Air Magic
  1661 | D:3      | Reached skill level 1 in Earth Magic
  1661 | D:3      | Reached skill level 1 in Poison Magic
  1661 | D:3      | Reached XP level 5. HP: 13/37 MP: 0/12
  1755 | D:3      | Learned a level 4 spell: Hailstorm
  1760 | D:3      | Learned a level 4 spell: Iskenderun's Mystic Blast
  2247 | D:3      | Found a faded altar of an unknown god.
  2247 | D:3      | Noticed an eye of devastation
  2356 | D:3      | Noticed a great orb of eyes
  2377 | D:3      | Noticed an eye of devastation
  2388 | D:3      | Noticed a shining eye
  2808 | D:4      | Found a sparkling altar of Nemelex Xobeh.
  2842 | D:4      | Found a shimmering altar of Xom.
  3077 | D:4      | Reached skill level 2 in Invocations
  3077 | D:4      | Reached XP level 6. HP: 44/44 MP: 8/13
  3160 | D:4      | Identified the +2 ring mail "Vucibotott" {rN+}
  3421 | D:4      | Noticed an ice beast
  3429 | D:4      | Killed an ice beast
  3430 | D:4      | Reached skill level 2 in Fighting
  3430 | D:4      | Reached skill level 2 in Short Blades
  3430 | D:4      | Reached skill level 2 in Long Blades
  3430 | D:4      | Reached skill level 2 in Axes
  3430 | D:4      | Reached skill level 2 in Maces & Flails
  3430 | D:4      | Reached skill level 2 in Polearms
  3430 | D:4      | Reached skill level 2 in Staves
  3430 | D:4      | Reached skill level 2 in Slings
  3430 | D:4      | Reached skill level 2 in Bows
  3430 | D:4      | Reached skill level 2 in Crossbows
  3430 | D:4      | Reached skill level 2 in Throwing
  3430 | D:4      | Reached skill level 2 in Armour
  3430 | D:4      | Reached skill level 5 in Dodging
  3430 | D:4      | Reached skill level 2 in Shields
  3430 | D:4      | Reached skill level 2 in Unarmed Combat
  3430 | D:4      | Reached skill level 2 in Evocations
  3691 | D:4      | Found a stormy altar of Qazlal.
  3871 | D:4      | Reached XP level 7. HP: 50/50 MP: 11/15
  3875 | D:4      | Learned a level 3 spell: Frozen Ramparts
  4145 | D:4      | Learned a level 4 spell: Fulminant Prism
  4188 | D:5      | Entered Level 5 of the Dungeon
  4375 | D:5      | Reached skill level 2 in Hexes
  4375 | D:5      | Reached skill level 2 in Summonings
  4375 | D:5      | Reached skill level 2 in Necromancy
  4375 | D:5      | Reached skill level 2 in Translocations
  4375 | D:5      | Reached skill level 2 in Transmutations
  4375 | D:5      | Reached skill level 2 in Fire Magic
  4375 | D:5      | Reached skill level 2 in Ice Magic
  4375 | D:5      | Reached skill level 2 in Air Magic
  4375 | D:5      | Reached skill level 2 in Earth Magic
  4375 | D:5      | Reached skill level 2 in Poison Magic
  4544 | D:5      | Reached skill level 5 in Stealth
  4848 | D:5      | Reached XP level 8. HP: 45/58 MP: 9/16
  5150 | D:5      | HP: 7/58 [gnoll sergeant (5)]
  5924 | D:5      | Found a runed translucent door.
  5950 | D:5      | Noticed poire's ghost (novice DrTm)
  6416 | D:6      | Noticed Edmund
  6446 | D:6      | Killed Edmund
  6570 | D:6      | Found Ewer's Weapon Shoppe.
  6738 | D:6      | Noticed Blork the orc
  6757 | D:6      | Killed Blork the orc
  6758 | D:6      | Reached XP level 9. HP: 65/65 MP: 7/18
  6845 | D:6      | Found Pank's Assorted Antiques.
  6863 | D:6      | Noticed Grinder
  7002 | D:6      | Bought a jewelled ring mail for 216 gold pieces
  7002 | D:6      | Identified the +5 ring mail of the Evening Star {Int+2}
                  | (You bought it in a shop on level 6 of the Dungeon)
  7002 | D:6      | Bought a cloak for 108 gold pieces
  7074 | D:6      | Noticed Maggie
  7223 | D:6      | Paralysed by Maggie for 7 turns
  7231 | D:6      | Killed Maggie
  7232 | D:6      | Reached skill level 8 in Conjurations
  7338 | D:6      | HP: 7/65 [gnoll sergeant (5)]
  7339 | D:6      | Slain by a gnoll sergeant

Illustrated notes

Levels and vault maps discovered:
D:1:      psy_arrival_fountain, layout_rooms, serial_shops, shop_fountains
D:2:      layout_rooms
D:3:      layout_basic, hellmonk_ecumenical_altar_watching_god,
          hangedman_decor_peaks_small, chequers_serial_rivers_small_a,
          chequers_arboretum
D:4:      layout_rooms, xom_confusion_cloud, kennysheep_little_box,
          mainiacjoe_overflow_concentric_impassable, serial_forest,
          infiniplex_forest_corner_1, infiniplex_forest_join,
          infiniplex_forest_end_1, infiniplex_forest_lined_3,
          infiniplex_forest_clump_small, infiniplex_forest_split,
          infiniplex_forest_straight_4, nzn_random_ring
D:5:      layout_loops_ring, gammafunk_ghost_grave
D:6:      layout_cave_pools, lemuel_doored_altar, minitemple, serial_gnoll_camp,
          gnoll_camp_mini_hut, gnoll_camp_medium_02, gnoll_camp_mini_shop,
          gnoll_camp_mini_sergeant, serial_shops, nicolae_shop_hallway_plus,
          nicolae_inconvenience_store, nicolae_stop_n_shop_2, shop,
          grunt_ministairs_6, uniq_edmund, uniq_maggie, uniq_grinder,
          uniq_blork_the_orc

Skill      XL: |  1  2  3  4  5  6  7  8  9 |
---------------+----------------------------+-----
Spellcasting   | 5 6 |  6.6
Invocations    | 1 2 3 4 |  4.6
Fighting       | 1 2 3 4 |  4.2
Short Blades   | 1 2 3 4 |  4.2
Long Blades    | 1 2 3 4 |  4.2
Axes           | 1 2 3 4 |  4.2
Maces & Flails | 1 2 3 4 |  4.2
Polearms       | 1 2 3 4 |  4.2
Staves         | 1 2 3 4 |  4.2
Slings         | 1 2 3 4 |  4.2
Bows           | 1 2 3 4 |  4.2
Crossbows      | 1 2 3 4 |  4.2
Throwing       | 1 2 3 4 |  4.2
Armour         | 1 2 3 4 |  4.2
Shields        | 1 2 3 4 |  4.2
Unarmed Combat | 1 2 3 4 |  4.2
Evocations     | 1 2 3 4 |  4.2
Hexes          | 1 2 3 |  3.5
Summonings     | 1 2 3 |  3.5
Necromancy     | 1 2 3 |  3.5
Translocations | 1 2 3 |  3.5
Transmutations | 1 2 3 |  3.5
Fire Magic     | 1 2 3 |  3.5
Ice Magic      | 1 2 3 |  3.5
Air Magic      | 1 2 3 |  3.5
Earth Magic    | 1 2 3 |  3.5
Poison Magic   | 1 2 3 |  3.5
Dodging        | 5 6 |  6.3
Stealth        | 5 6 |  6.0
Conjurations   | 8 |  8.0

Action                   |  1- 3 |  4- 6 |  7- 9 || total
-------------------------+-------+-------+-------++-------
Melee: Short sword       |       |    29 |    50 ||    79
       Halberd           |       |       |    19 ||    19
       Bite              |       |       |    13 ||    13
       Dagger            |       |       |    15 ||    15
       Punch             |       |       |     3 ||     3
 Cast: Magic Dart        |    69 |    73 |    76 ||   218
       Searing Ray       |       |    12 |    24 ||    36
       Hailstorm         |       |     1 |       ||     1
       Frozen Ramparts   |       |       |    10 ||    10
       Iskenderun's Myst |       |       |     2 ||     2
       Fulminant Prism   |       |       |     3 ||     3
Evoke: Wand              |       |       |     1 ||     1
  Use: Scroll            |     5 |     3 |     3 ||    11
       Potion            |       |       |     2 ||     2
 Stab: Sleeping          |       |     2 |       ||     2
       Distracted        |       |     1 |       ||     1
Armor: Robe              |     1 |     9 |       ||    10
       Ring mail         |       |     7 |    77 ||    84
       Skin              |       |       |     4 ||     4
Dodge: Dodged            |     2 |    26 |    57 ||    85
